 Dungeon Crawl Stone Soup version 0.29.0-11-gd7f09526c8 (webtiles) character file.

Game seed: 9619013191695211039

4991 gelatine the Cleaver (level 10, -3/76 HPs)
             Began as a Demonspawn Gladiator on Sept 3, 2022.
             Hit by a javelin thrown by a centaur (9 damage)
             ... in a bailey.
             The game lasted 00:32:18 (10641 turns).

gelatine the Cleaver (Demonspawn Gladiator)        Turns: 10641, Time: 00:32:19

Health: -3/76      AC: 17    Str: 28    XL:     10   Next: 29%
Magic:  10/10      EV: 14    Int:  9    God:
Gold:   539        SH: 21    Dex: 21    Spells: 9/9 levels left

rFire   + + .      SeeInvis .   a - +0 war axe
rCold   + . .      Faith    .   H - +0 tower shield {rC+ rF+}
rNeg    + . .      Spirit   .   i - +2 scale mail {rF+}
rPois   +          Reflect  +   G - +2 helmet
rElec   +          Harm     .   j - +1 cloak of Ignis's Delight {rElec rPois rN+ Str+3}
rCorr   .          Rampage  .   f - +0 pair of gloves
Will    .....                   q - +0 pair of boots
Stlth   ++++......              D - amulet of reflection
HPRegen 0.22/turn               l - +4 ring of evasion
MPRegen 0.12/turn               I - +6 ring of strength

@: about to teleport
A: thin skeletal structure 3, powered by pain 2
a: no special abilities


You were in a bailey.
You visited 2 branches of the dungeon, and saw 9 of its levels.
You also visited: Sewer and Bailey.

You collected 539 gold pieces.

Inventory:

Hand Weapons
 a - a +0 war axe (weapon)
Armour
 f - a +0 pair of gloves (worn)
 i - a +2 scale mail of fire resistance (worn)
 j - the +1 cloak of Ignis's Delight (worn) {rElec rPois rN+ Str+3}
   (You found it on level 7 of the Dungeon)

   Str:       It affects your strength (+3).
   rElec:     It insulates you from electricity.
   rPois:     It protects you from poison.
   rN:        It protects you from negative energy.
 q - a +0 pair of boots (worn)
 r - a +0 plate armour
 A - a +2 tower shield
 G - a +2 helmet (worn)
 H - a +0 tower shield of resistance (worn)
Jewellery
 g - an amulet of the acrobat
 l - a +4 ring of evasion (left hand)
 n - a +6 ring of intelligence
 D - an amulet of reflection (around neck)
 I - a +6 ring of strength (right hand)
 K - a ring of see invisible
Wands
 B - a wand of polymorph (11)
 J - a wand of mindburst (14)
Scrolls
 d - a scroll of acquirement
 k - 2 scrolls of torment
 p - a scroll of enchant weapon
 s - a scroll of enchant armour
 u - 4 scrolls of fear
 v - 4 scrolls of teleportation
 y - a scroll of noise {unknown}
 E - 2 scrolls of brand weapon {unknown}
 F - a scroll of immolation {unknown}
Potions
 b - 2 potions of mutation
 c - 2 potions of brilliance
 h - 4 potions of flight
 o - 2 potions of lignification
 z - 2 potions of attraction
 C - a potion of invisibility


   Skills:
 * Level 5.9 Fighting
 * Level 9.1 Axes
 + Level 3.0 Throwing
 * Level 4.4 Armour
 * Level 5.6 Dodging
 + Level 2.3 Stealth
 * Level 5.7 Shields


You had 9 spell levels left.
You didn't know any spells.
Your spell library contained the following spells:

 Spells                   Type           Power      Damage    Failure   Level
 Beastly Appendage        Tmut           0%         N/A       100%        1
 Foxfire                  Conj/Fire      0%         2x1d4     100%        1
 Shock                    Conj/Air       0%         1d3       100%        1
 Slow                     Hex            0%         N/A       100%        1
 Sting                    Tmut/Pois      0%         1d3       100%        1
 Blink                    Tloc           0%         N/A       100%        2
 Poisonous Vapours        Pois/Air       0%         N/A       100%        2
 Confusing Touch          Hex            0%         N/A       100%        3
 Conjure Flame            Conj/Fire      0%         6-21      100%        3
 Gell's Gravitas          Tloc           0%         N/A       100%        3
 Inner Flame              Hex/Fire       0%         N/A       100%        3
 Lesser Beckoning         Tloc           0%         N/A       100%        3
 Swiftness                Air            0%         N/A       100%        3
 Teleport Other           Tloc           0%         N/A       100%        3
 Vampiric Draining        Necr           0%         2d6       100%        3
 Airstrike                Air            0%         2d(0-16)  100%        4
 Flame Wave               Conj/Fire      0%         2d4       100%        4
 Olgreb's Toxic Radiance  Pois           0%         N/A       100%        4
 Manifold Assault         Tloc           0%         N/A       100%        5
 Dispersal                Tloc           0%         N/A       100%        6
 Eringya's Noxious Bog    Tmut/Pois      0%         N/A       100%        6
 Death's Door             Necr           0%         N/A       100%        9


Dungeon Overview and Level Annotations

Branches:
Dungeon (8/15)             Temple (1/1) D:4           Sewer (visited)
 Bailey (1/1)
   Lair: D:8-11

Altars:
Ashenzari
Cheibriados
Dithmenos
Fedhas
Gozag
Hepliaklqana
Kikubaaqudgha
Makhleb
Nemelex Xobeh
Okawaru
Qazlal
Ru
Trog
Uskayaw
Vehumet
Wu Jian
Xom
Yredelemnul

Shops:
D:6 =


Innate Abilities, Weirdness & Mutations

You have an unnaturally thin skeletal structure. (Dex +6, Stealth+++)
You sometimes gain power by taking damage.


Message History

* * * LOW HITPOINT WARNING * * *
You block the orc warrior's attack.
You hit the orc warrior.
The orc warrior is severely wounded.
The centaur throws a javelin.
The javelin barely misses you. The orc warrior closely misses you. x2
The orc warrior hits you from afar with a +0 glaive!
* * * LOW HITPOINT WARNING * * *
You block the orc warrior's attack. x2
Read: 5 scrolls of fear
Press: ? - help, Q - select action, (/) - cycle Dir - look around, f - activate Look: an orc warrior, wielding a +0 halberd and wearing a +0 chain mail (severely wounded, chance to affect: 97%)
As you read the scroll of fear, it crumbles to dust.
You assume a fearsome visage.
The centaur looks frightened!
The orc warrior looks frightened! x3
Cornered, the orc warrior turns to fight!
The centaur throws a javelin.
The javelin closely misses you.
Throw: javelin
Press: ? - help, Q - select action, (/) - cycle Shift-Dir - straight line, f - centaur
Aim: a centaur, wielding a +0 spear, wearing a +0 chain mail and quivering javelins (81% to hit)
You throw a javelin.
The javelin pierces through the centaur!
Your attack snaps the centaur out of its fear.
The centaur is severely wounded.
You hear a splash.
The centaur throws a javelin.
The javelin pierces through you.
* * * LOW HITPOINT WARNING * * *
Read: scroll of butterflies
Press: ? - help, Q - select action, (/) - cycle Dir - look around, f - activate Look: a centaur, wielding a +0 spear, wearing a +0 chain mail and quivering javelins (severely wounded)
As you read the scroll of butterflies, it crumbles to dust.
You hear the tinkle of a tiny bell.
As you read the scroll of teleportation, it crumbles to dust.
You feel strangely unstable. The centaur misses your butterfly.
The centaur kicks your butterfly.
Your butterfly dies!
Your butterfly disappears in a burst of colours!
The orc warrior barely misses your butterfly.
The centaur throws a javelin.
The javelin pierces through you!
You die...

≈≈.≈.....≈~≈o≈~≈..
≈≈.≈.....≈~≈≈≈~≈.....≈c≈≈
≈≈.≈≈....≈≈~≈~≈≈....≈≈.≈≈
≈≈≈)≈.....≈~≈~≈.....≈.≈≈≈
≈≈≈)≈≈.⌠..≈≈~≈≈..⌠.≈≈.≈≈≈
≈≈≈≈.≈.....≈~≈.b...≈c≈≈≈≈
≈≈≈≈.≈≈≈.........≈≈≈.≈≈≈≈
≈≈≈≈≈..≈≈≈.....≈b≈bo≈≈≈≈≈
≈≈≈≈≈≈≈..≈≈≈.≈bb@bbbb≈≈≈≈
#≈≈≈≈≈≈≈≈......b≈b≈≈≈≈≈≈#
##≈≈≈≈≈≈≈≈≈≈bb≈≈b≈≈≈≈≈≈##
##≈≈≈≈≈≈≈≈≈≈≈≈≈≈≈≈≈≈≈##
#####################


You could see an orc warrior (ally target) and 2 centaurs.

Vanquished Creatures
  A hornet (D:8)
  Prince Ribbit (D:6)
  5 yaks (D:6)
  Menkaure (D:5)
  A water moccasin (D:6)
  3 ice beasts
  7 orc warriors (Bailey)
  A black bear (D:6)
  2 ogres (D:7)
  8 centaurs
  A phantom (D:4)
  A kobold brigand (D:6)
  Blork the orc (D:5)
  2 bullfrogs (D:8)
  2 scorpions
  A vampire bat (D:4)
  6 howler monkeys
  A crimson imp (D:4)
  2 jellies (D:7)
  8 orc priests
  5 iguanas
  7 orc wizards
  The ghost of Lemondrips the Trooper, a weakling OgDe of Okawaru (D:5)
  Robin (D:4)
  8 gnolls
  16 adders
  4 river rats (Sewer)
  A shadow imp (D:7)
  2 white imps
  6 worms
  5 dart slugs
  43 orcs
  16 ball pythons
  26 bats
  9 endoplasms
  7 giant cockroaches
  14 goblins
  10 hobgoblins
  2 jackals (Sewer)
  4 quokkas
  5 frilled lizards
  14 kobolds
  10 rats
271 creatures vanquished.

Vanquished Creatures (collateral kills)
  A hound (D:5)
1 creature vanquished.

Grand Total: 272 creatures vanquished

Notes
Turn   | Place    | Note
-------+----------+-------------------------------------------
     0 | D:1      | gelatine the Demonspawn Gladiator began the quest for the
                  | Orb.
     0 | D:1      | Reached XP level 1. HP: 16/16 MP: 1/1
   285 | D:1      | Gained mutation: You have a somewhat thin skeletal
                  | structure. (Dex +2, Stealth+) [demonic ancestry]
   285 | D:1      | Reached XP level 2. HP: 13/22 MP: 2/2
   715 | D:1      | Reached skill level 3 in Axes
   762 | D:1      | Reached XP level 3. HP: 27/27 MP: 3/3
  1249 | D:2      | Found a faded altar of an unknown god.
  1314 | D:2      | Gained mutation: You sometimes gain a little power by
                  | taking damage. [demonic ancestry]
  1314 | D:2      | Reached XP level 4. HP: 33/34 MP: 4/4
  1955 | D:3      | Reached skill level 1 in Armour
  2158 | D:3      | Gained mutation: You have a moderately thin skeletal
                  | structure. (Dex +4, Stealth++) [demonic ancestry]
  2158 | D:3      | Reached XP level 5. HP: 40/40 MP: 5/5
  2205 | D:3      | Reached skill level 4 in Axes
  2952 | D:4      | Noticed a phantom
  2971 | D:4      | Killed a phantom
  2972 | D:4      | Reached XP level 6. HP: 41/47 MP: 6/6
  2997 | D:4      | Found a staircase to the Ecumenical Temple.
  3070 | D:4      | Found a glowing drain.
  3096 | D:4      | Reached skill level 1 in Stealth
  3113 | Sewer    | Entered a sewer
  3602 | Sewer    | Reached skill level 5 in Axes
  4288 | D:4      | Reached XP level 7. HP: 46/51 MP: 7/7
  4415 | D:4      | Got the Codex of the Sinister Figure
  4431 | D:4      | Found a radiant altar of Vehumet.
  4432 | D:4      | Found a burning altar of Makhleb.
  4745 | D:4      | Noticed Robin
  4776 | D:4      | Killed Robin
  4827 | D:4      | Found a sparkling altar of Nemelex Xobeh.
  5065 | Temple   | Entered the Ecumenical Temple
  5163 | D:5      | Entered Level 5 of the Dungeon
  5800 | D:5      | Found a runed translucent door.
  5804 | D:5      | Noticed Lemondrips's ghost (weakling OgDe)
  5820 | D:5      | Killed Lemondrips's ghost
  5857 | D:5      | Reached skill level 6 in Axes
  5942 | D:5      | Reached skill level 1 in Shields
  5942 | D:5      | Noticed Menkaure
  5945 | D:5      | Noticed Blork the orc
  5956 | D:5      | HP: 2/54 [hound (3)]
  5960 | D:5      | Killed Menkaure
  5961 | D:5      | Gained mutation: You have an unnaturally thin skeletal
                  | structure. (Dex +6, Stealth+++) [demonic ancestry]
  5961 | D:5      | Reached XP level 8. HP: 3/60 MP: 8/8
  6318 | D:5      | Killed Blork the orc
  6999 | D:6      | Noticed Prince Ribbit
  7024 | D:6      | Killed Prince Ribbit
  7026 | D:6      | Found Ryg Ximue's One-of-a-Kind Rings.
  7225 | D:6      | Reached skill level 7 in Axes
  7234 | D:6      | Found an iron altar of Okawaru.
  7293 | D:6      | Reached skill level 5 in Fighting
  7299 | D:6      | Reached XP level 9. HP: 27/68 MP: 9/9
  7316 | D:6      | Reached skill level 5 in Dodging
  7602 | D:6      | Found a large runed translucent door.
  7960 | D:6      | Found a stormy altar of Qazlal.
  8208 | D:6      | Found a large runed translucent door.
  8216 | D:6      | Found a broken altar of Ashenzari.
  8232 | D:6      | Found a shimmering altar of Xom.
  8239 | D:6      | Reached skill level 8 in Axes
  8865 | D:7      | Identified a scroll of acquirement
  9000 | D:7      | Identified the +1 cloak of Ignis's Delight {rElec rPois rN+
                  | Str+3}
  9365 | D:8      | Found a flagged portal.
  9376 | D:8      | Reached skill level 5 in Shields
  9392 | D:8      | Paralysed by a hornet for 2 turns
  9437 | Bailey   | Entered a bailey
  9822 | Bailey   | Gained mutation: You sometimes gain power by taking damage.
                  | [demonic ancestry]
  9822 | Bailey   | Reached XP level 10. HP: 39/76 MP: 10/10
 10222 | Bailey   | Reached skill level 9 in Axes
 10641 | Bailey   | Hit by a javelin thrown by a centaur

Illustrated notes

Levels and vault maps discovered:
D:1:      dpeg_arrival_solitude, layout_basic, minmay_box_of_dots
D:2:      layout_basic, basic_ecumenical_altar
D:3:      layout_basic
D:4:      minmay_general_purpose_star, layout_rooms,
          grunt_temple_overflow_lords_of_destruction, lemuel_tele_altar,
          temple_doors_e, gup_sewer_entry_glass, roderic_batcave, uniq_robin
D:5:      layout_layer_cave, ebering_ghost_sewer_d, uniq_menkaure,
          uniq_blork_the_orc
D:6:      layout_basic, nicolae_qazlal_eye_of_the_storm,
          okawaru_metal_pillars_1_2, jmf_multi_god_temple2,
          nicolae_shop_unique_rings, uniq_prince_ribbit1
D:7:      layout_cave_pools
D:8:      layout_rooms, led_sif_book, enter_bailey_1
Temple:   zaba_magenta_temple
Bailey:   bailey_polearm_flooded_kennysheep, bailey

Skill      XL: |  1  2  3  4  5  6  7  8  9 10 |
---------------+-------------------------------+-----
Throwing       | 2 3 |  3.0
Dodging        | 3 4 5 |  5.6
Axes           | 3 4 5 6 7 8 9 |  9.1
Armour         | 1 2 3 4 |  4.4
Fighting       | 3 4 5 |  5.9
Stealth        | 1 2 |  2.3
Shields        | 1 3 5 |  5.7

Action                   |  1- 3 |  4- 6 |  7- 9 | 10-12 || total
-------------------------+-------+-------+-------+-------++-------
Melee: War axe           |    97 |   290 |   434 |    96 ||   917
       Punch             |       |     1 |       |       ||     1
Throw: Javelin           |       |     7 |    27 |    18 ||    52
       Throwing net      |       |       |     4 |       ||     4
       Boomerang         |       |       |     1 |    25 ||    26
       Dart              |       |       |       |    14 ||    14
  Use: Scroll            |       |     6 |     8 |     3 ||    17
       Potion            |       |     2 |     2 |     1 ||     5
 Stab: Sleeping          |     3 |     6 |    13 |       ||    22
       Held in net/web   |       |       |     1 |       ||     1
       Distracted        |       |       |       |     1 ||     1
Armor: Leather armour    |     8 |       |       |       ||     8
       Ring mail         |    23 |    42 |       |       ||    65
       Skin              |     1 |       |    15 |       ||    16
       Scale mail        |       |   114 |   153 |    28 ||   295
Dodge: Dodged            |   102 |   425 |   225 |    75 ||   827
Block: Tower shield      |       |       |   394 |   213 ||   607
       Reflection        |       |       |     5 |       ||     5
